 Dungeon Crawl Stone Soup version 0.31.0-12-g77e489cdc1 (webtiles) character file.

Game seed: 16527491114877190944

38 SuccubiThighs the Magician (level 3, 0/33 HPs)
             Began as an Oni Fire Elementalist on Mar 6, 2024.
             Slain by a ball python (1 damage)
             ... on level 2 of the Dungeon.
             The game lasted 00:05:02 (1195 turns).

SuccubiThighs the Magician (Oni Fire Elementalist)  Turns: 1195, Time: 00:05:03

Health: 0/33       AC:  3    Str: 14    XL:     3   Next: 43%
Magic:  2/7        EV:  9    Int: 16    God:
Gold:   69         SH:  0    Dex:  9    Spells: 7/8 levels left

rFire   . . .        (no weapon)
rCold   . . .        (no shield)
rNeg    . . .        a - +0 robe
rPois   .            (helmet restricted)
rElec   .            (no cloak)
rCorr   .            (gloves unavailable)
SInv    .            (boots unavailable)
Will    .....        (no amulet)
Stlth   +            (no ring)
HPRegen 0.25/turn    (no ring)
MPRegen 0.10/turn

%: no passive effects
@: lethally poisoned (0 -> -2)
A: large, unfitting armour, horns 1, tough skin 1, double potion healing,
drunken brawling
a: no special abilities


You were on level 2 of the Dungeon.
You visited 1 branch of the dungeon, and saw 2 of its levels.

You collected 69 gold pieces.

Inventory:

Missiles
 c - 16 stones
Armour
 a - a +0 robe (worn)
Jewellery
 g - a +6 ring of dexterity
Talismans
 d - a blade talisman
Scrolls
 e - a scroll of enchant armour {unknown}
 f - a scroll of fear {unknown}
 i - a scroll of teleportation {unknown}
Potions
 b - a potion of magic


   Skills:
 * Level 1.0 Fighting
 + Level 1.9 Dodging
 - Level 1.4 Stealth
 + Level 0.1 Unarmed Combat
 * Level 3.1 Spellcasting
 + Level 1.3 Conjurations
 + Level 3.1 Fire Magic


You had 7 spell levels left.
You knew the following spells:

 Your Spells              Type           Power      Damage    Failure   Level
a - Foxfire               Conj/Fire      36%        2x1d5     8%          1

Your spell library contained the following spells:

 Spells                   Type           Power      Damage    Failure   Level
 Scorch                   Fire           24%        2d6       8%          2
 Inner Flame              Hex/Fire       7%         N/A       28%         3
 Volatile Blastmotes      Fire/Tloc      14%        2d11      28%         3
 Flame Wave               Conj/Fire      9%         2d6       58%         4


Dungeon Overview and Level Annotations

Branches:
Dungeon (2/15)

Altars:


Innate Abilities, Weirdness & Mutations

You are too large for most types of armour.
You have a pair of small horns on your head.
You have tough skin. (AC +1)
You gain doubled healing and magic from potions.
Whenever you drink a healing potion, you attack all around you.


Message History

You feel sick.
You are no longer poisoned.
The foxfire hits the giant cockroach.
You kill the giant cockroach!
The adder bites you.
* * * LOW HITPOINT WARNING * * *
The adder attacks as it pursues you! The adder bites you but does no damage.
The ball python attacks as it pursues you!
The ball python closely misses you.
It was a potion of cancellation.
You feel magically purged. The adder barely misses you.
The ball python bites you but does no damage.
Casting: Foxfire (safe; 8% risk of failure)
Confirm with . or Enter, or press ? or * to list all spells.
You conjure some foxfire!
The adder bites you.
* * * LOW HITPOINT WARNING * * *
You are poisoned.
The adder poisons you! The ball python barely misses you.
The adder closely misses you.
Your foxfire dissipates!
* * * LOW HITPOINT WARNING * * *
You feel sick.
The foxfire hits the adder.
You kill the adder!
The ball python attacks as it pursues you!
The ball python bites you but does no damage.
Your Fighting skill increases to level 1!
You barely miss the ball python. Your headbutt misses the ball python.
* * * LOW HITPOINT WARNING * * *
You feel sick.
The ball python bites you but does no damage.
The goblin hits you with a +0 club.
* * * LOW HITPOINT WARNING * * *
The ball python bites you.
* * * LOW HITPOINT WARNING * * *
You hit the ball python. Your headbutt misses the ball python.
The ball python is severely wounded.
* * * LOW HITPOINT WARNING * * *
You feel sick. The goblin hits you but does no damage.
The ball python bites you.
You die...

.... .# ....####.####
............#
..........# #
.........#.. #..
#.........# #..
#.......... #../
#..@......########
.....#..Sg.............
.....#.........#.......
#........##......#
#........##.<....#
#........##..S...#
#..†.....##......#
#........''......#
#........##......#


You could see a goblin and a ball python.

Vanquished Creatures
  An adder (D:2)
  A dart slug (D:1)
  4 ball pythons (D:1)
  3 bats (D:1)
  2 endoplasms (D:1)
  3 giant cockroaches
  2 hobgoblins (D:1)
  3 quokkas (D:1)
  3 frilled lizards
  2 kobolds (D:1)
  2 rats (D:1)
26 creatures vanquished.

Vanquished Creatures (others)
  42 foxfires
42 creatures vanquished.

Grand Total: 68 creatures vanquished

Notes
Turn   | Place    | Note
-------+----------+-------------------------------------------
     0 | D:1      | SuccubiThighs the Oni Fire Elementalist began the quest for
                  | the Orb.
     0 | D:1      | Reached XP level 1. HP: 16/16 MP: 3/3
    44 | D:1      | Reached skill level 1 in Conjurations
    65 | D:1      | Reached XP level 2. HP: 24/24 MP: 2/5
   900 | D:1      | Reached XP level 3. HP: 30/32 MP: 7/7
  1194 | D:2      | Reached skill level 1 in Fighting
  1195 | D:2      | HP: 1/33 [poisoned by an adder]
  1195 | D:2      | Slain by a ball python

Illustrated notes

Levels and vault maps discovered:
D:1:      dpeg_arrival_arbitrary_a, layout_basic
D:2:      layout_basic, minmay_misc_feat_alley, uniq_robin

Skill      XL: |  1  2  3 |
---------------+----------+-----
Conjurations   | 1 |  1.3
Fire Magic     | 3 |  3.1
Spellcasting   | 3 |  3.1
Fighting       | 1 |  1.0
Dodging        | |  1.9
Stealth        | |  1.4
Unarmed Combat | |  0.1

Action                     || total
---------------------------++-------
  Melee: Unarmed           ||    56
         Headbutt          ||    10
         Punch             ||     1
   Cast: Foxfire           ||    31
    Use: Potion            ||     1
 Armour: Robe              ||    66
  Dodge: Dodged            ||    54
